Map: Eternal Empire LE

Players

SpeCial

  • Race: Terran Terran
  • League: Master
  • Spawn Location: 1:00

Maru - Winner!

  • Race: Terran Terran
  • Spawn Location: 7:00

Event: DreamHack SC2 Masters 2020 Summer Season Finals

VOD

Have the link to the VOD?

Description

Time

  • Played on: July 17, 2020, 12:34 p.m.
  • Length: 7:34

All games in this series

Show
View Real Time Build Order
Export as new Build Order

SpeCial Terran 

Build Orders:  

Get SALT Encoding   

  12  0:00  SCV  
  13  0:13  SCV  
  14  0:17  Supply Depot  
  14  0:25  SCV  
  15  0:38  SCV  
  15  0:40  Barracks  
  16  0:44  Refinery  
  16  0:50  SCV  
  17  1:03  SCV  
  18  1:15  SCV  
  19  1:27  Orbital Command, Reaper  
  20  1:45  Supply Depot  
  20  1:50  Bunker  
  20  1:53  Bunker  
  20  1:54  SCV  
  21  1:59  Marine  
  22  2:05  Factory  
  22  2:06  SCV  
  23  2:17  Marine  
  23  2:18  SCV  
  25  2:30  SCV  
  25  2:34  Supply Depot  
  25  2:35  Marine  
  27  2:42  SCV  
  27  2:53  Marine  
  27  2:55  Starport, Hellion  
  27  2:57  SCV  
  31  3:02  Refinery  
  31  3:12  Command Center  
  31  3:13  SCV  
  31  3:17  Barracks Reactor, Hellion  
  34  3:23  Supply Depot  
  34  3:27  SCV  
  35  3:38  Hellion  
  35  3:40  Medivac  
  38  3:44  SCV  
  39  3:55  Marine x2  
  41  3:58  SCV  
  41  4:00  Supply Depot, Factory Tech Lab  
  42  4:11  Starport Tech Lab  
  42  4:12  Marine x2  
  42  4:15  SCV  
  45  4:22  Siege Tank  
  48  4:27  SCV  
  49  4:31  Marine x2  
  51  4:39  SCV  
  51  4:40  Raven  
  51  4:45  Orbital Command  
  54  4:49  Marine x2  
  54  4:52  SCV  
  57  4:55  Refinery  
  57  5:00  Command Center  
  57  5:06  Siege Tank  
  60  5:10  SCV  
  60  5:11  SCV  
  60  5:14  Marine  
  62  5:15  Marine  
  64  5:23  Supply Depot  
  64  5:24  SCV  
  64  5:25  SCV  
  66  5:32  Marine  
  67  5:35  Raven  
  67  5:36  SCV  
  67  5:40  Supply Depot  
  70  5:45  SCV  
  70  5:49  SCV  
  72  5:50  Marine x2  
  69  5:57  SCV  
  69  6:01  SCV  
  55  6:08  Marine x2  
  55  6:09  Cyclone  
  56  6:13  SCV  
  56  6:18  SCV, Viking  
  56  6:26  Marine x2  
  56  6:27  SCV  
  56  6:32  SCV  
  59  6:39  SCV  
  60  6:44  SCV  
  60  6:47  Marine x2  
  60  6:49  Cyclone  
  60  6:51  SCV  
  66  6:56  SCV  
  63  7:03  SCV  
  63  7:05  Marine  
  63  7:06  SCV  
  66  7:08  SCV  
  66  7:10  Marine  
Show
View Real Time Build Order
Export as new Build Order

Maru Terran - Winner!

Build Orders: Mech 

Get SALT Encoding   

  12  0:00  SCV  
  13  0:16  Supply Depot  
  13  0:17  SCV  
  14  0:38  Barracks  
  14  0:41  Refinery  
  14  0:54  Barracks  
  14  0:58  SCV  
  15  1:11  SCV  
  16  1:25  Orbital Command, Reaper  
  17  1:31  Refinery  
  17  1:42  Reaper  
  18  1:50  SCV  
  19  1:59  Reaper  
  20  2:03  SCV  
  20  2:06  Supply Depot  
  21  2:15  Reaper, SCV  
  23  2:27  SCV  
  23  2:29  Factory  
  23  2:39  SCV  
  23  2:40  Reaper  
  24  2:51  SCV  
  24  3:03  SCV  
  24  3:06  Command Center  
  24  3:15  SCV, Factory Tech Lab  
  25  3:25  Starport  
  25  3:27  SCV  
  29  3:34  Cyclone  
  29  3:39  SCV  
  30  3:45  Supply Depot  
  30  3:48  Mag-Field Accelerator  
  30  3:52  SCV  
  31  3:59  Refinery  
  31  4:07  Cyclone, SCV  
  35  4:10  Starport Tech Lab  
  35  4:18  Orbital Command  
  35  4:24  SCV  
  36  4:29  Banshee  
  39  4:39  SCV  
  39  4:42  Barracks Reactor  
  40  4:49  Siege Tank  
  40  4:51  SCV x2  
  45  5:00  Supply Depot  
  45  5:01  Cloaking Field  
  45  5:03  SCV  
  45  5:04  SCV  
  46  5:13  Banshee  
  49  5:15  SCV  
  49  5:16  SCV  
  51  5:27  SCV  
  51  5:28  SCV  
  53  5:29  Siege Tank  
  55  5:38  Marine x2  
  55  5:39  SCV  
  55  5:40  Bunker  
  55  5:42  Supply Depot  
  58  5:45  SCV  
  59  5:51  SCV  
  59  5:56  Marine x2  
  61  5:57  SCV  
  61  6:04  SCV  
  55  6:09  SCV  
  55  6:10  Banshee  
  59  6:16  SCV  
  60  6:21  SCV  
  61  6:27  Marine x2  
  61  6:28  SCV  
  64  6:33  SCV  
  64  6:34  Siege Tank  
  64  6:38  Supply Depot  
  68  6:51  SCV x2  
  68  6:54  Command Center  
  70  7:03  SCV  
  70  7:04  SCV  
  68  7:15  SCV  
  64  7:16  SCV  
  64  7:19  Refinery  
  65  7:24  Factory x2  
Tags
 
Add a new tag
Caveats
  • Supply blocks, unpowered buildings, or Contaminate may cause inaccurate times.
  • Supply counts are checked every 10 seconds.